[Event "DVM U14 2019"]
[Site "Magedburg"]
[Date "2019.12.30"]
[Round "7"]
[White "Garner, Isaac"]
[Black "Bildat, Emilia"]
[Result "1-0"]
[ECO "B38"]
[WhiteElo "2040"]
[BlackElo "1754"]
[Annotator "NA"]
[PlyCount "63"]
[EventDate "2019.12.27"]
[EventType "team-tourn"]
[EventRounds "7"]
[EventCountry "GER"]
[SourceTitle "playchess.com"]
[Source "ChessBase"]
[SourceQuality "1"]
[WhiteTeam "Hamburger SK"]
[BlackTeam "SC Turm Lüneburg"]
[WhiteTeamCountry "GER"]
[TimeControl "40/5400+30:1800+30"]

1. e4 c5 2. Nf3 g6 3. d4 cxd4 4. Nxd4 Bg7 5. c4 Nc6 6. Be3 Nf6 7. Nc3 O-O 8. Be2 d6 9. f3 Bd7 10. Qd2 Nxd4 11. Bxd4 Bc6 {[%emt 0:00:19] B38: Sicilian: Maroczy Bind with 5...Bg7 and 7...0-0} (11... a5 12. b3 Bc6 13. O-O Nd7 14. Be3 Nc5 15. Rab1 e6 16. a3 Be5 17. b4 axb4 18. axb4 Ra3 19. bxc5 Rxc3 20. f4 Bg7 21. e5 dxe5 22. Qxc3 exf4 23. Qd2 Qg5 {0-1 (43) Bu,X (2730)-Savchenko,B (2566) Riadh 2017}) 12. O-O-O {[%emt 0:00:48] unterminated} Nd7 $146 {[%emt 0:02:15] unterminated} ({Predecessor:} 12... Qa5 13. Kb1 Rfc8 14. g4 a6 15. h4 b5 16. h5 bxc4 17. hxg6 hxg6 18. Bxc4 Rab8 19. Bb3 {1-0 (27) Trigo Urquijo,S (2383)-Barbazan Bilbao,X (2094) Getxo 2019}) 13. h4 {[%emt 0:09:45] unterminated} Re8 {[%emt 0:16:15] unterminated} (13... Bxd4 $14 14. Qxd4 Qa5) 14. h5 {[%emt 0:05:39] unterminated} ({Better is} 14. Bxg7 $18 Kxg7 15. h5) 14... f6 {[%emt 0:05:38] unterminated} (14... Bxd4 $16 15. Qxd4 g5) 15. hxg6 hxg6 16. Rh2 {[%emt 0:00:38] unterminated} Qc7 {[%emt 0:05:43] unterminated} 17. Rdh1 {[%emt 0:09:09] unterminated} Kf7 {[%emt 0:04:34] unterminated} 18. f4 {[%emt 0:03:43] unterminated} Rh8 {[%emt 0:08:17] unterminated} 19. f5 {[%emt 0:03:29] unterminated} ({White should try} 19. Nd5 $16 Rxh2 20. Rxh2 (20. Nxc7 Rxh1+ 21. Kc2 Bxe4+ 22. Bd3 Bxd3+ 23. Qxd3 Rc8 $17)) 19... g5 {[%emt 0:09:50] unterminated} (19... gxf5 $14 20. exf5 Ne5) 20. Bh5+ {[%emt 0:04:47] unterminated} Kg8 {[%emt 0:04:23] unterminated} 21. Qe2 {[%emt 0:02:33] unterminated} Nf8 $2 {[%emt 0:03:21] [#] unterminated} (21... Rc8 $16) 22. c5 $2 {[%emt 0:13:25] unterminated} (22. Bf7+ $1 $18 {[%mdl 512] and the rest is easy.} Kxf7 23. Rxh8 Bxh8 24. Qh5+ Kg8 25. Qxh8+ Kf7 {[#]} 26. Bxf6 $1 ) 22... d5 {[%emt 0:04:20] unterminated} 23. exd5 {[%emt 0:01:46] unterminated} Be8 {[%emt 0:01:20] [#] unterminated} 24. d6 $1 Bxh5 25. Qc4+ Bf7 26. Rxh8+ Bxh8 {[%emt 0:00:06] [#] unterminated} 27. Rxh8+ $1 {[%emt 0:02:28] unterminated} Kxh8 28. Qxf7 {[%emt 0:00:05] unterminated} Qc6 {[%emt 0:03:19] unterminated} 29. Qxe7 {[%emt 0:01:13] unterminated} Nd7 {[%emt 0:02:46] unterminated} 30. Bxf6+ {[%emt 0:01:02] Double Attack} Nxf6 31. Qxf6+ {[%emt 0:00:05] Double Attack unterminated} Kh7 32. Qf7+ {[%emt 0:00:45] normal} 1-0

[Event "DVM U14 2019"]
[Site "Magedburg"]
[Date "2019.12.30"]
[Round "7"]
[White "Morgenstern, Tobias"]
[Black "Beck, Felix"]
[Result "1/2-1/2"]
[ECO "B18"]
[WhiteElo "1943"]
[BlackElo "1508"]
[Annotator "NA"]
[PlyCount "62"]
[EventDate "2019.12.27"]
[EventType "team-tourn"]
[EventRounds "7"]
[EventCountry "GER"]
[SourceTitle "playchess.com"]
[Source "ChessBase"]
[SourceQuality "1"]
[WhiteTeam "Schachzwerge Magdeburg"]
[BlackTeam "SF Nordost Berlin"]
[WhiteTeamCountry "GER"]
[BlackTeamCountry "GER"]
[TimeControl "40/5400+30:1800+30"]

1. e4 c6 2. d4 d5 3. Nd2 dxe4 4. Nxe4 Bf5 5. Ng3 Bg6 6. Nf3 Nd7 7. Bc4 {[%emt 0:00:24] unterminated} e6 {[%emt 0:02:40] unterminated} 8. O-O {[%emt 0:00:21] unterminated} Ngf6 {[%emt 0:08:44] unterminated} 9. Nh4 {[%emt 0:01:02] B18: Classical Caro-Kann: 4...Bf5 sidelines} (9. Re1 Be7 10. c3 O-O 11. Nh4 Qc7 12. Bb3 Bd6 13. Qf3 c5 14. Nxg6 hxg6 15. dxc5 Nxc5 16. Bc2 b5 17. Bg5 Ncd7 18. Rad1 b4 19. Qd3 Bxg3 20. hxg3 bxc3 21. bxc3 Rac8 22. Bd2 Qa5 23. Bb3 {½-½ (23) Kovchan,A (2579)-Hera,I (2598) Hungary 2019}) 9... Be7 {[%emt 0:02:49] unterminated} 10. Nxg6 hxg6 11. Re1 {[%emt 0:00:39] unterminated} Nd5 {[%emt 0:10:34] unterminated} 12. Ne4 {[%emt 0:06:40] unterminated} Qc7 13. g3 {[%emt 0:01:48] unterminated} N7f6 {[%emt 0:05:16] unterminated} 14. Qf3 {[%emt 0:08:08] unterminated} Nxe4 {[%emt 0:01:01] unterminated} 15. Rxe4 {[%emt 0:05:53] unterminated} Bf6 $146 {[%emt 0:04:20] unterminated} ({Predecessor:} 15... Qd7 16. c3 O-O 17. h4 b5 {½-½ (44) Nicolini,A (2166)-Sukuba,Z (2142) Slovakia 2018}) 16. Qb3 {[%emt 0:09:27] unterminated} Rd8 {[%emt 0:04:28] unterminated} 17. Bf1 {[%emt 0:10:28] unterminated} Qb6 {[%emt 0:05:02] unterminated} 18. Qxb6 Nxb6 19. c3 {[%emt 0:00:06] unterminated} Be7 {[%emt 0:04:27] unterminated} 20. a4 {[%emt 0:05:15] unterminated} c5 {[%emt 0:02:51] unterminated} 21. Be3 {[%emt 0:08:49] unterminated} (21. dxc5 $16 Bxc5 22. Bg5) 21... Nd5 {[%emt 0:02:39] unterminated} 22. Bb5+ Kf8 {[%emt 0:00:16] unterminated} 23. dxc5 Nxe3 {[%emt 0:00:58] unterminated} 24. Rxe3 Bxc5 25. Rd3 {[%emt 0:00:47] unterminated} Rxd3 $11 26. Bxd3 Ke7 27. Be4 b6 28. Rd1 Rd8 29. Rxd8 Kxd8 30. Kf1 Ke7 31. Ke2 a5 {[%emt 0:13:17] normal} 1/2-1/2

[Event "DVM U14 2019"]
[Site "Magedburg"]
[Date "2019.12.30"]
[Round "7"]
[White "Schubert, Nikita"]
[Black "Jahrke, Jonas"]
[Result "0-1"]
[ECO "A57"]
[WhiteElo "1914"]
[BlackElo "1833"]
[Annotator "NA"]
[PlyCount "60"]
[EventDate "2019.12.27"]
[EventType "team-tourn"]
[EventRounds "7"]
[EventCountry "GER"]
[SourceTitle "playchess.com"]
[Source "ChessBase"]
[SourceQuality "1"]
[WhiteTeam "ESV Gera"]
[BlackTeam "SF Essen-Katernberg"]
[WhiteTeamCountry "GER"]
[BlackTeamCountry "GER"]
[TimeControl "40/5400+30:1800+30"]

1. d4 Nf6 2. c4 c5 3. d5 b5 4. Nd2 g6 5. e4 {[%emt 0:01:45] unterminated} d6 {[%emt 0:03:33] unterminated} 6. cxb5 {[%emt 0:09:16] unterminated} a6 7. bxa6 {[%emt 0:00:37] unterminated} Bg7 {[%emt 0:01:20] unterminated} 8. Bb5+ Nbd7 {[%emt 0:01:12] unterminated} 9. Ne2 {[%emt 0:02:20] unterminated} Bxa6 {[%emt 0:01:58] unterminated} 10. Bxa6 Rxa6 {[%emt 0:00:08] unterminated} 11. O-O {[%emt 0:00:49] unterminated} O-O {[%emt 0:00:31] unterminated} 12. Nc3 {[%emt 0:01:46] unterminated} Nb6 {[%emt 0:05:26] unterminated} 13. Qe2 {[%emt 0:10:42] unterminated} Qa8 {[%emt 0:04:13] unterminated} 14. Rb1 {[%emt 0:08:44] unterminated} Nfd7 {[%emt 0:05:09] unterminated} 15. a3 {[%emt 0:05:13] unterminated} Rb8 {[%emt 0:18:59] unterminated} 16. Nb5 {[%emt 0:09:58] unterminated} Qb7 {[%emt 0:04:43] unterminated} 17. b3 {[%emt 0:12:38] unterminated} Nxd5 $1 18. exd5 $15 Qxb5 19. Qxe7 Nf6 20. Ne4 Nxd5 21. Qh4 Re8 22. Ng5 h6 23. Nf3 Nc3 24. Rb2 Ne2+ 25. Rxe2 Qxe2 26. Bxh6 Bxh6 27. Qxh6 Rxa3 28. h4 Qxf1+ 29. Kh2 Qxf2 30. h5 Ra2 {[%emt 0:01:25] normal} 0-1

[Event "DVM U14 2019"]
[Site "Magedburg"]
[Date "2019.12.30"]
[Round "7"]
[White "Zeuner, Ole"]
[Black "Gutewort, Paul Emil"]
[Result "1-0"]
[ECO "B06"]
[WhiteElo "1794"]
[BlackElo "1714"]
[Annotator "NA"]
[PlyCount "51"]
[EventDate "2019.12.27"]
[EventType "team-tourn"]
[EventRounds "7"]
[EventCountry "GER"]
[SourceTitle "playchess.com"]
[Source "ChessBase"]
[SourceQuality "1"]
[WhiteTeam "Schachzwerge Magdeburg"]
[BlackTeam "SF Nordost Berlin"]
[WhiteTeamCountry "GER"]
[BlackTeamCountry "GER"]
[TimeControl "40/5400+30:1800+30"]

1. e4 g6 2. d4 Bg7 3. Nc3 d6 4. Be3 a6 5. h4 h5 6. Qd2 b5 7. f3 Nd7 8. Nh3 Bb7 9. Ng5 e6 10. Ne2 Nb6 11. Ng3 Qe7 12. c3 Nf6 13. Bd3 c5 14. O-O O-O 15. Rae1 Rac8 16. d5 exd5 17. exd5 Qd7 18. f4 Ng4 19. f5 Ne5 20. Be4 Nbc4 21. Qc2 Nxe3 22. Rxe3 Qe8 23. Nxh5 gxh5 24. f6 Ng6 25. fxg7 Kxg7 {[%emt 0:00:16] normal} 26. Qe2 {[%emt 0:11:21] normal} 1-0

[Event "DVM U14 2019"]
[Site "Magedburg"]
[Date "2019.12.30"]
[Round "7"]
[White "Reichmann, Felix"]
[Black "Stockmann, Till"]
[Result "0-1"]
[ECO "A20"]
[WhiteElo "1791"]
[BlackElo "1894"]
[Annotator "NA"]
[PlyCount "88"]
[EventDate "2019.12.27"]
[EventType "team-tourn"]
[EventRounds "7"]
[EventCountry "GER"]
[SourceTitle "playchess.com"]
[Source "ChessBase"]
[SourceQuality "1"]
[WhiteTeam "SF Nordost Berlin"]
[BlackTeam "Schachzwerge Magdeburg"]
[WhiteTeamCountry "GER"]
[BlackTeamCountry "GER"]
[TimeControl "40/5400+30:1800+30"]

1. c4 e5 2. g3 Nf6 3. Bg2 d5 4. cxd5 Nxd5 5. Nc3 Nb6 6. Nf3 Nc6 7. O-O Be7 8. b3 O-O 9. Bb2 Be6 {[%emt 0:01:03] unterminated} 10. Rc1 {[%emt 0:07:50] unterminated unterminated. A29: English Opening: Four Knights Variation with 4 g3} (10. d4 exd4 11. Nb5 Bd5 12. Qd2 Bf6 13. Rad1 Re8 14. Rfe1 Rc8 15. Nbxd4 Nxd4 16. Bxd4 c5 17. Bxf6 Qxf6 {½-½ (32) Santos Ruiz,M (2543)-Cheparinov,I (2691) Caleta 2019}) 10... f5 {[%emt 0:01:51] unterminated} 11. d3 {[%emt 0:02:20] unterminated} Bf6 {[%emt 0:02:00] unterminated} 12. Nd2 {[%emt 0:04:15] unterminated} Nd5 {[%emt 0:03:42] unterminated} (12... Qe8 $11 {remains equal.}) 13. Nc4 {[%emt 0:03:04] unterminated} Nxc3 14. Bxc3 {[%emt 0:00:15] unterminated} Bd5 {[%emt 0:00:16] unterminated} 15. Bxd5+ $146 ({Predecessor:} 15. e4 Bxc4 16. dxc4 f4 17. Qd5+ Kh8 {1-0 (67) Raicevic,I (2279)-Zajic,M (2046) Nis 2011}) 15... Qxd5 16. Ne3 {[%emt 0:00:17] unterminated} Qe6 {[%emt 0:01:39] unterminated} 17. Nc2 {[%emt 0:09:29] unterminated} Rad8 18. Qd2 {[%emt 0:00:37] unterminated} Ne7 {[%emt 0:06:14] unterminated} 19. b4 {[%emt 0:02:07] unterminated} Nd5 {[%emt 0:02:46] unterminated} 20. Bb2 {[%emt 0:05:03] unterminated} f4 {[%emt 0:05:15] unterminated} 21. f3 {[%emt 0:20:01] unterminated} (21. e4 $17 {was called for.} Nb6 22. Ne1) 21... Bg5 22. g4 {[%emt 0:00:30] unterminated} h5 23. h3 {[%emt 0:00:51] unterminated} Qh6 {[%emt 0:04:36] unterminated} 24. Kg2 e4 {[%emt 0:00:30] unterminated} 25. Qe1 {[%emt 0:01:02] unterminated} exd3 26. exd3 {[%emt 0:00:11] unterminated} Rfe8 27. Qf2 {[%emt 0:01:16] unterminated} Qa6 $19 (27... hxg4 $142 28. hxg4 Bh4) 28. Rfd1 Qxa2 29. Bd4 Ne3+ 30. Bxe3 fxe3 31. Qe2 Qf7 32. Ne1 Qf4 33. Rc4 Rd4 34. Qa2 Kh8 35. Qa4 Red8 36. Rxd4 Qxd4 37. Qb5 Qf4 38. h4 Bxh4 39. Qxh5+ Qh6 40. Qe5 Qf6 41. Qxe3 Qc6 42. Rc1 Re8 43. Qd2 Qd6 44. f4 {[%emt 0:00:00] normal} Qe6 {[%emt 0:00:00] normal} 0-1

[Event "DVM U14 2019"]
[Site "Magedburg"]
[Date "2019.12.30"]
[Round "7"]
[White "Huo, Da"]
[Black "Rennkamp, David"]
[Result "1-0"]
[ECO "C54"]
[WhiteElo "1771"]
[BlackElo "1395"]
[Annotator "NA"]
[PlyCount "51"]
[EventDate "2019.12.27"]
[EventType "team-tourn"]
[EventRounds "7"]
[EventCountry "GER"]
[SourceTitle "playchess.com"]
[Source "ChessBase"]
[SourceQuality "1"]
[WhiteTeam "Hamburger SK"]
[BlackTeam "SC Turm Lüneburg"]
[WhiteTeamCountry "GER"]
[BlackTeamCountry "GER"]
[TimeControl "40/5400+30:1800+30"]

1. e4 e5 2. Nf3 Nc6 3. Bc4 Bc5 4. c3 Nf6 5. d4 exd4 6. O-O dxc3 7. e5 cxb2 8. Bxb2 Ng4 9. Bxf7+ Kxf7 10. Qd5+ Kf8 11. Qxc5+ Qe7 12. Qc1 Ke8 13. Re1 b6 14. Nc3 Bb7 15. Qf4 Nh6 16. Nb5 Rc8 17. Nd6+ Kd8 18. Nxb7+ Ke8 19. Nd6+ Kd8 20. Nxc8 Kxc8 21. Qc4 Re8 22. Rad1 g6 23. e6 d6 24. Qxc6 Kb8 25. Bf6 Qf8 26. Bg7 {[%emt 0:00:07] normal} 1-0

[Event "DVM U14 2019"]
[Site "Magedburg"]
[Date "2019.12.30"]
[Round "7"]
[White "Zamhoefer, Luca"]
[Black "Muller, Magnus"]
[Result "1-0"]
[ECO "B22"]
[WhiteElo "1724"]
[BlackElo "1481"]
[Annotator "NA"]
[PlyCount "69"]
[EventDate "2019.12.27"]
[EventType "team-tourn"]
[EventRounds "7"]
[EventCountry "GER"]
[SourceTitle "playchess.com"]
[Source "ChessBase"]
[SourceQuality "1"]
[WhiteTeam "SF Essen-Katernberg"]
[BlackTeam "ESV Gera"]
[WhiteTeamCountry "GER"]
[BlackTeamCountry "FAI"]
[TimeControl "40/5400+30:1800+30"]

1. e4 c5 2. c3 Nf6 3. e5 Nd5 4. d4 cxd4 5. Nf3 Nc6 6. cxd4 d6 7. Bc4 dxe5 8. Bxd5 Qxd5 9. Nc3 Qd6 10. d5 Nd4 11. Nxd4 exd4 12. Qxd4 e5 13. Qd3 Bd7 14. O-O Be7 15. Ne4 Qg6 16. Re1 f5 17. Ng3 e4 18. Qb3 b6 19. Bf4 Bc5 20. Qc3 Rc8 21. Qe5+ Kf7 22. b3 Rhe8 23. Qb2 Bd6 24. Bxd6 Qxd6 25. Rad1 Rc5 26. Nh5 Rg8 27. Qd2 g6 28. Ng3 Rgc8 29. h4 h5 30. Qh6 Rg8 31. Nxh5 Qf8 32. Qh7+ Ke8 33. Nf6+ Qxf6 34. Qxg8+ Ke7 35. d6+ {[%emt 0:00:13] normal} 1-0

[Event "DVM U14 2019"]
[Site "Magedburg"]
[Date "2019.12.30"]
[Round "7"]
[White "Rasch, Lukas"]
[Black "Gerber, Anna Sophie"]
[Result "0-1"]
[ECO "A01"]
[WhiteElo "1596"]
[BlackElo "1513"]
[Annotator "NA"]
[PlyCount "78"]
[EventDate "2019.12.27"]
[EventType "team-tourn"]
[EventRounds "7"]
[EventCountry "GER"]
[SourceTitle "playchess.com"]
[Source "ChessBase"]
[SourceQuality "1"]
[WhiteTeam "SF Essen-Katernberg"]
[BlackTeam "ESV Gera"]
[WhiteTeamCountry "GER"]
[BlackTeamCountry "GER"]
[TimeControl "40/5400+30:1800+30"]

1. b3 d5 2. Bb2 Nf6 3. e3 e6 4. f4 Be7 5. Nf3 b6 6. Bb5+ c6 7. Bd3 Ba6 8. O-O O-O 9. Qe2 Bxd3 10. cxd3 c5 11. d4 Nc6 12. dxc5 Bxc5 13. d3 Ng4 14. Nd4 Bxd4 15. Bxd4 Nxd4 16. exd4 Qf6 17. Qb2 h5 18. Nd2 Rac8 19. Rf3 Rc7 20. h3 Nh6 21. Rc1 Rxc1+ 22. Qxc1 Qxd4+ 23. Kh2 Nf5 24. Nf1 Nh4 25. Rg3 Qf2 26. a3 Ng6 27. Rf3 Qd4 28. g3 h4 29. g4 e5 30. f5 e4 31. dxe4 dxe4 32. Qe3 Qe5+ 33. Kg1 exf3 34. fxg6 Qxe3+ 35. Nxe3 fxg6 36. Kf2 Rf7 37. Nc4 Rd7 38. Ke3 f2 39. Kxf2 Rd3 {[%emt 0:00:18] normal} 0-1

[Event "DVM U14 2019"]
[Site "Magedburg"]
[Date "2019.12.30"]
[Round "7"]
[White "Duduka, Artem"]
[Black "Heutling, Elina"]
[Result "0-1"]
[ECO "C24"]
[WhiteElo "1578"]
[BlackElo "1796"]
[Annotator "NA"]
[PlyCount "108"]
[EventDate "2019.12.27"]
[EventType "team-tourn"]
[EventRounds "7"]
[EventCountry "GER"]
[SourceTitle "playchess.com"]
[Source "ChessBase"]
[SourceQuality "1"]
[WhiteTeam "SF Nordost Berlin"]
[BlackTeam "Schachzwerge Magdeburg"]
[WhiteTeamCountry "UKR"]
[BlackTeamCountry "GER"]
[TimeControl "40/5400+30:1800+30"]

1. e4 e5 2. Bc4 Nf6 3. d4 exd4 4. e5 d5 5. Bb3 Ne4 6. Nf3 Nc6 7. h3 a6 8. O-O Be6 9. Nxd4 Nxe5 10. Nxe6 fxe6 11. Qh5+ Ng6 12. Re1 Bc5 13. Be3 Bxe3 14. Rxe3 Qf6 15. Rxe4 dxe4 16. Nc3 O-O-O 17. Qc5 Kb8 18. Bc4 Ne5 19. Nxe4 Qf5 20. f3 Nxc4 21. Qxc4 Qd5 22. Qc3 Qd4+ 23. Qxd4 Rxd4 24. Kf2 Rhd8 25. Ke2 e5 26. Rc1 Ka7 27. Rb1 b5 28. Rc1 Kb6 29. Rb1 c5 30. b3 c4 31. b4 a5 32. a3 axb4 33. axb4 Ra8 34. Rb2 Ra1 35. c3 Rd3 36. Rd2 Rxd2+ 37. Kxd2 Ra2+ 38. Ke3 Rxg2 39. Nf2 Rh2 40. Ke2 Kc6 41. Kf1 Kd5 42. Kg1 Rxf2 43. Kxf2 e4 44. f4 Ke6 45. Ke2 Kf5 46. Ke3 h5 47. h4 g6 48. Kd4 Kxf4 49. Kc5 e3 50. Kxb5 e2 51. Kc6 e1=Q 52. b5 Qxc3 53. b6 Qb4 54. b7 c3 {[%emt 0:00:08] normal} 0-1

[Event "DVM U14 2019"]
[Site "Magedburg"]
[Date "2019.12.30"]
[Round "7"]
[White "Wusterack, Paul"]
[Black "von Krosigk, Florian"]
[Result "1/2-1/2"]
[ECO "C68"]
[WhiteElo "1539"]
[BlackElo "1984"]
[Annotator "NA"]
[PlyCount "34"]
[EventDate "2019.12.27"]
[EventType "team-tourn"]
[EventRounds "7"]
[EventCountry "GER"]
[SourceTitle "playchess.com"]
[Source "ChessBase"]
[SourceQuality "1"]
[WhiteTeam "SC Turm Lüneburg"]
[BlackTeam "Hamburger SK"]
[BlackTeamCountry "GER"]
[TimeControl "40/5400+30:1800+30"]

1. e4 e5 2. Nf3 Nc6 3. Bb5 a6 4. Bxc6 dxc6 5. O-O Bg4 6. h3 h5 7. d3 {[%emt 0:00:05] unterminated} Qf6 8. Nbd2 {[%emt 0:00:29] unterminated} Bc5 {[%emt 0:02:03] unterminated} ({Better is} 8... Ne7 $11) 9. Nc4 {[%emt 0:09:19] unterminated} Bxf3 $1 10. Qxf3 {[%emt 0:00:11] unterminated} Qxf3 11. gxf3 f6 {[%emt 0:00:02] unterminated} 12. Be3 {[%emt 0:02:26] unterminated} Bxe3 13. fxe3 {[%emt 0:01:49] unterminated} c5 {[%emt 0:03:33] unterminated} 14. a4 {[%emt 0:02:39] unterminated} b6 {[%emt 0:08:05] unterminated} 15. f4 {[%emt 0:10:23] unterminated} exf4 $14 16. exf4 Ne7 17. f5 Nc6 {[%emt 0:03:37] normal} 1/2-1/2

[Event "DVM U14 2019"]
[Site "Magedburg"]
[Date "2019.12.30"]
[Round "7"]
[White "Frank, Marek"]
[Black "Berresheim, Nils"]
[Result "0-1"]
[ECO "A20"]
[WhiteElo "1430"]
[BlackElo "1509"]
[Annotator "NA"]
[PlyCount "85"]
[EventDate "2019.12.27"]
[EventType "team-tourn"]
[EventRounds "7"]
[EventCountry "GER"]
[SourceTitle "playchess.com"]
[Source "ChessBase"]
[SourceQuality "1"]
[WhiteTeam "ESV Gera"]
[BlackTeam "SF Essen-Katernberg"]
[WhiteTeamCountry "GER"]
[BlackTeamCountry "GER"]
[TimeControl "40/5400+30:1800+30"]

1. c4 e5 2. g3 Nf6 3. Bg2 Nc6 4. a3 a6 5. Nc3 Bc5 6. e3 O-O 7. Nge2 h6 8. O-O d6 9. Qc2 Ba7 10. b4 Bg4 11. d3 Qd7 12. b5 axb5 13. cxb5 Nd8 14. a4 Bh3 15. Rd1 Bxg2 16. Kxg2 Ne6 17. Ba3 Ng5 18. Ng1 Rfe8 19. h4 Ne6 20. Nf3 Ng4 21. Qe2 f5 22. Nh2 Nxh2 23. Kxh2 f4 24. Rab1 Rf8 25. Nd5 Bb8 26. Rb4 fxg3+ 27. fxg3 Nc5 28. d4 Ne4 29. Rf1 Rxf1 30. Qxf1 Qe6 31. Qc4 Kh8 32. dxe5 Nd2 33. Qa2 Nf1+ 34. Kg2 Nxe3+ 35. Kh2 Qxd5 36. Qe2 Ba7 37. b6 Bxb6 38. Rxb6 cxb6 39. Qxe3 dxe5 40. Qf2 Rd8 41. Kh3 Qe6+ 42. Kh2 e4 43. Bc1 {[%emt 0:00:29] normal} 0-1